 Dungeon Crawl Stone Soup version 0.30-a0-292-g0f741e3f8e (webtiles) character file.

Game seed: 3789259263648068862

63 themarg the Trooper (level 4, 0/42 HPs)
             Began as a Hill Orc Monk on Oct 18, 2022.
             Was an Elder of Lugonu.
             Killed by divine providence
             ... invoked by an orc priest
              (12 damage)
             ... on level 3 of the Dungeon.
             The game lasted 00:05:08 (2052 turns).

themarg the Trooper (Hill Orc Monk)                 Turns: 2052, Time: 00:05:08

Health: 0/42       AC:  5    Str: 15    XL:     4   Next: 9%
Magic:  4/4        EV: 11    Int: 10    God:    Lugonu [****..]
Gold:   140        SH:  5    Dex: 13    Spells: 3/3 levels left

rFire   . . .      SeeInvis .    a - +0 hand axe
rCold   . . .      Faith    .    (no shield)
rNeg    . . .      Spirit   .    l - +0 ring mail
rPois   .          Reflect  +    (no helmet)
rElec   .          Harm     .    (no cloak)
rCorr   .          Rampage  .    (no gloves)
Will    .....                    (no boots)
Stlth   +.........               j - amulet of reflection
HPRegen 0.27/turn                (no ring)
MPRegen 0.09/turn                (no ring)

@: about to teleport
A: no striking features
a: Renounce Religion, Convert to Beogh, Depart the Abyss, Bend Space, Banish,
Corrupt


You were on level 3 of the Dungeon.
You worshipped Lugonu.
Lugonu was greatly pleased with you.
You visited 1 branch of the dungeon, and saw 3 of its levels.

You collected 140 gold pieces.

Inventory:

Hand Weapons
 a - a +0 hand axe (weapon)
Missiles
 d - 20 stones (quivered)
 p - a throwing net
 t - 5 boomerangs of dispersal
Armour
 l - a +0 ring mail (worn)
Jewellery
 j - an amulet of reflection (around neck)
 k - an amulet of faith
 o - an amulet of guardian spirit
 w - a ring of resist corrosion
Scrolls
 b - a scroll of enchant armour {unknown}
 e - a scroll of teleportation
 f - a scroll of identify {unknown}
 g - a scroll of silence {unknown}
 i - a scroll of immolation
 m - a scroll of enchant weapon {unknown}
 q - a scroll of magic mapping {unknown}
 u - a scroll of blinking {unknown}
 x - a scroll of noise {unknown}
 y - a scroll of brand weapon {unknown}
Potions
 c - a potion of ambrosia
 h - a potion of flight {unknown}
 n - a potion of curing {unknown}
 r - 3 potions of mutation {unknown}
 s - a potion of degeneration {unknown}
 v - a potion of magic {unknown}
 z - a potion of haste {unknown}


   Skills:
 * Level 5.2 Fighting
 - Level 4.0 Axes
 - Level 2.4 Dodging
 + Level 2.4 Stealth


You had 3 spell levels left.
You didn't know any spells.
Your spell library was empty.

Dungeon Overview and Level Annotations

Branches:
Dungeon (3/15)

Altars:
Lugonu

Shops:
D:3 [


Message History

The orc misses you.
You closely miss the orc.
The orc is almost dead.
The orc hits you with a +0 hand axe.
You barely miss the orc.
The orc is almost dead.
The orc priest casts a cantrip, but nothing happens.
The orc barely misses you.
You hit the orc but do no damage.
The orc is almost dead.
The orc priest calls down the wrath of Beogh upon you.
Beogh smites you! The orc hits you with a +0 hand axe.
You hit the orc but do no damage.
The orc is almost dead.
You block the orc's attack.
The orc priest shouts, "Surrender to Beogh and we'll let you live!"
You hit the orc.
You kill the orc!
Lugonu accepts your kill.
The rat twitches its whiskers.
The orc hits you with a +0 hand axe.
You hit the orc.
The orc is heavily wounded.
You block the orc's attack.
You closely miss the orc.
The orc is heavily wounded.
The orc hits you but does no damage.
You hit the orc.
The orc is almost dead.
The orc hits you with a +0 hand axe.
* * * LOW HITPOINT WARNING * * *
As you read the scroll labelled ROTIVE LOLU, it crumbles to dust.
You feel strangely unstable.
It was a scroll of teleportation.
You block the orc's attack.
The orc priest threatens, "By the altar or by the axe, you will meet Beogh!"
You hit the orc but do no damage.
The orc is almost dead.
The orc priest mumbles some strange prayers to Beogh against you.
Beogh smites you!
You die...

####.##.#
#....)..#
#.#####.#####
#.#...#
#.....#####
#..........
..#####.##.######
........# .#
.....##@# .# ...>
#o# .# ...


ro# .# .. ..o# .# . ..... .# ...... ....... .......#. You could see an orc
priest, 2 orcs and a rat.

Vanquished Creatures
  3 adders (D:2)
  A worm (D:3)
  An orc (D:3)
  3 endoplasms
  A giant cockroach (D:2)
  2 hobgoblins
  3 kobolds
  3 ball pythons (D:1)
  7 bats
  2 frilled lizards (D:2)
  2 goblins
  6 rats
34 creatures vanquished.

Notes
Turn   | Place    | Note
-------+----------+-------------------------------------------
     0 | D:1      | themarg the Hill Orc Monk began the quest for the Orb.
     0 | D:1      | Reached XP level 1. HP: 19/19 MP: 1/1
   326 | D:1      | Found a faded altar of an unknown god.
   351 | D:1      | Reached skill level 4 in Fighting
   410 | D:1      | Prayed at the altar of an unknown god.
   410 | D:1      | Became a worshipper of Lugonu the Unformed
   410 | D:1      | Reached * piety under Lugonu
   410 | D:1      | Reached ** piety under Lugonu
   410 | D:1      | Reached *** piety under Lugonu
   494 | D:1      | Reached XP level 2. HP: 27/27 MP: 2/2
  1159 | D:2      | Reached XP level 3. HP: 34/34 MP: 3/3
  1542 | D:2      | Reached **** piety under Lugonu
  1650 | D:2      | Reached skill level 5 in Fighting
  1760 | D:2      | Reached XP level 4. HP: 42/42 MP: 4/4
  1954 | D:3      | Found Sighaeff's Armour Shop.
  2052 | D:3      | Killed from afar by an orc priest

Illustrated notes

Levels and vault maps discovered:
D:1:      reono_arrival_mine, layout_basic, hellmonk_ecumenical_altar_blasted,
          nicolae_concentric_dashed_squares_wild,
          hangedman_decor_clover_reticule
D:2:      minmay_wonky_spiral, layout_loops_ring
D:3:      layout_loops_ring, overflow_temple_1_default,
          nzn_hepliaklqana_mist_gate, mainiacjoe_overflow_concentric_impassable,
          nicolae_overflow_squiral, serial_shops, shop

Skill      XL: |  1  2  3 |
---------------+----------+-----
Fighting       | 4 5 |  5.2
Stealth        | 2 |  2.4
Axes           | |  4.0
Dodging        | |  2.4

Action                   |  1- 3 |  4- 6 || total
-------------------------+-------+-------++-------
Melee: Hand axe          |   116 |    24 ||   140
       Punch             |     2 |       ||     2
  Use: Scroll            |       |     1 ||     1
 Stab: Sleeping          |     4 |       ||     4
Armor: Robe              |     4 |       ||     4
       Ring mail         |    18 |     4 ||    22
Dodge: Dodged            |    65 |     8 ||    73
Block: Other             |    30 |     5 ||    35
       Reflection        |     2 |       ||     2

Table legend: (Time is in decaauts)
 A = Elapsed time spent in this place.
 B = Non-inter-level travel time spent in this place.
 C = Inter-level travel time spent in this place.
 D = Time resting spent in this place.
 E = Time spent auto-exploring this place.
 F = Levels seen in this place.
 G = Mean time per level.
                   A        B        C        D        E       F      G
               +--------+--------+--------+--------+--------+-----+--------+
         Total |   2065 |   2025 |     40 |     52 |   1630 |   3 |  688.3 |
       Dungeon |   2065 |   2025 |     40 |     52 |   1630 |   3 |  688.3 |
               +--------+--------+--------+--------+--------+-----+--------+

Top non-repeatable levels by time:
     D:1: 1125 daAuts
     D:2: 838 daAuts
     D:3: 101 daAuts
